 Dungeon Crawl Stone Soup version 0.28-a0-1506-g3893175d92 (webtiles) character file.

Game seed: 7367103394420421434

8 knot the Chopper (level 2, 14/24 HPs)
             Began as a Demonspawn Berserker on Jan 14, 2022.
             Was a Follower of Trog.
             Quit the game on level 1 of the Dungeon.
             The game lasted 00:00:19 (380 turns).

knot the Chopper (Demonspawn Berserker)              Turns: 380, Time: 00:00:20

Health: 14/24      AC:  2    Str: 17    XL:     2   Next: 0%
Magic:  2/2        EV: 12    Int:  8    God:    Trog [*.....]
Gold:   17         SH:  0    Dex: 12    Spells: 1/1 levels left

rFire   . . .      SeeInvis .   a - +0 hand axe
rCold   . . .      Faith    .   (no shield)
rNeg    . . .      Spirit   .   b - +0 animal skin
rPois   .          Reflect  .   (no helmet)
rElec   .          Harm     .   (no cloak)
rCorr   .          Rampage  .   (no gloves)
Will    .....                   (no boots)
Stlth   +.........              (no amulet)
HPRegen 0.08/turn               (no ring)
MPRegen 0.08/turn               (no ring)

@: no status effects
A: demonic guardian 1
a: Renounce Religion, Berserk


You were on level 1 of the Dungeon.
You worshipped Trog.
Trog was aware of your devotion.
You visited 1 branch of the dungeon, and saw 1 of its levels.

You collected 17 gold pieces.

Inventory:

Hand Weapons
 a - a +0 hand axe (weapon)
Missiles
 d - 17 stones (quivered)
Armour
 b - a +0 animal skin (worn)
Scrolls
 e - a scroll of teleportation {unknown}
Potions
 c - a potion of degeneration {unknown}


   Skills:
 - Level 3.0 Fighting
 + Level 3.2 Axes
 - Level 1.7 Armour
 - Level 1.7 Dodging


You had one spell level left.
You didn't know any spells.
Your spell library was empty.

Dungeon Overview and Level Annotations

Branches:
Dungeon (1/15)

Altars:


Innate Abilities, Weirdness & Mutations

A weak demonic guardian rushes to your aid.


Message History

A rat comes into view.
Found 11 gold pieces.
You slash the ball python!
You kill the ball python!
Trog accepts your kill.
You see here a ball python corpse.
Found a scroll labelled EWEERHO IHEWUJU.
You hit the rat but do no damage. The rat barely misses you.
You hit the rat.
You kill the rat!
Trog accepts your kill.
No target in view!
A bat comes into view.
A bat is nearby!
A bat is nearby!
The bat hits you.
A bat is nearby!
You hit the bat.
You kill the bat!
Trog accepts your kill.
No target in view!
No target in view!
No target in view!
You now have 17 gold pieces (gained 11).
e - a scroll labelled EWEERHO IHEWUJU No target in view!
A rat and a frilled lizard come into view.
There are monsters nearby!
A rat comes into view.
The rat bites you.
You barely miss the rat. The rat bites you. x2
You closely miss the rat. The rat bites you.
You slash the rat!
You kill the rat!
Trog accepts your kill.
You barely miss the rat. The rat bites you but does no damage.
You have reached level 2!
Your demonic ancestry asserts itself...
You feel the presence of a demonic guardian.
Are you sure you want to abandon this character and quit the game? (Confirm with "yes".)

############
##..........##
##............##
#..............#
#..............#
#..............######
#............@†......
#.............r......
##...................
##...>..†...#..$....
##...†#######..l...
.## #..#...# ......
...####÷÷###.##
...... #.......÷# ...
......
###......##.####


You could see a frilled lizard (asleep) and a rat.

Vanquished Creatures
  A giant cockroach (D:1)
  2 ball pythons (D:1)
  2 bats (D:1)
  4 rats (D:1)
9 creatures vanquished.

Notes
Turn   | Place    | Note
-------+----------+-------------------------------------------
     0 | D:1      | knot the Demonspawn Berserker began the quest for the Orb.
     0 | D:1      | Reached XP level 1. HP: 18/18 MP: 1/1
   380 | D:1      | Gained mutation: A weak demonic guardian rushes to your
                  | aid. [demonic ancestry]
   380 | D:1      | Reached XP level 2. HP: 14/24 MP: 2/2
   380 | D:1      | Quit the game

Illustrated notes

Levels and vault maps discovered:
D:1:      saegor_arrival_under_anarchy, layout_rooms,
          hellmonk_ecumenical_altar_blasted, fountainhead

Skill      XL: |  1 |
---------------+----+-----
Axes           | 3 |  3.2
Fighting       | |  3.0
Armour         | |  1.7
Dodging        | |  1.7

Action                   || total
-------------------------++-------
Melee: Hand axe          ||    28
Armor: Animal skin       ||     6
Dodge: Dodged            ||    12

Table legend: (Time is in decaauts)
 A = Elapsed time spent in this place.
 B = Non-inter-level travel time spent in this place.
 C = Inter-level travel time spent in this place.
 D = Time resting spent in this place.
 E = Time spent auto-exploring this place.
 F = Levels seen in this place.
 G = Mean time per level.
                   A        B        C        D        E       F      G
               +--------+--------+--------+--------+--------+-----+--------+
         Total |    384 |    384 |      0 |    236 |     96 |   1 |  384.0 |
       Dungeon |    384 |    384 |      0 |    236 |     96 |   1 |  384.0 |
               +--------+--------+--------+--------+--------+-----+--------+

Top non-repeatable levels by time:
     D:1: 384 daAuts
